AoeStats
← 沒起房子我日

Nomad

509277709Analyzed
4v4 RM · 6d ago on Sep 26, 2026· 46m 49s· 8 players
Game mode
Random Map
Map size
231×231
Population
200
Speed
Normal
Resources
Standard
Victory
Conquest
Starting age
Dark Age
Ending age
Imperial Age
RankedLock teamsTeams togetherTeam positionsShared explorationLock speedFull tech treeHidden civsTurbo modeCheats
Victory
Defeat
🇹🇼 Varangians · Taiwan
1522
+13
🇨🇳 Cumans · China
1470
+15
🇸🇬 Mongols · Singapore
1422
+17
🇭🇰 Mongols · Hong Kong SAR China
1357
+19
🇸🇮 Danes · Slovenia
1593
-22
🇫🇷 Varangians · France
1482
-18
🇧🇷 Vietnamese · Brazil
1449
-16
🇦🇺 Japanese · Australia
1234
-8
沒起房子我日
14:12 Feudal Age
14:23 Loom
17:43 Castle Age
15:58 Double-Bit Axe
17:33 Gold Mining
18:35 Bow Saw
19:52 Fletching
20:29 Bodkin Arrow
20:53 Padded Archer Armor
23:00 Horse Collar
26:35 Scale Barding Armor
28:27 Wheelbarrow
29:50 Stone Mining
31:07 Hand Cart
31:12 Husbandry
32:11 Bloodlines
32:25 Forging
32:59 Chain Barding Armor
34:03 Iron Casting
34:27 Stone Shaft Mining
38:16 Imperial Age
37:40 Heavy Plow
37:27 Treadmill Crane
38:23 Devotion
39:39 Plate Barding Armor
38:33 Elite Jarl
40:50 Blast Furnace
40:59 Bracer
42:02 Chemistry
42:30 Ballistics
42:39 Conscription
42:47 Masonry
43:27 Siege Engineers
45:12 Architecture
46:10 Guilds
45:55 Cavalier
45:57 Vendel Legacy
La.Reina.de.Once
4:23 Loom
13:04 Feudal Age
17:21 Castle Age
17:02 Stone Mining
21:05 Double-Bit Axe
24:02 Fletching
31:38 Padded Archer Armor
31:42 Husbandry
32:07 Horse Collar
34:05 Gold Mining
35:22 Heavy Plow
35:33 Bow Saw
40:12 Imperial Age
38:18 Wheelbarrow
37:28 Town Watch
39:30 Bodkin Arrow
39:50 Leather Archer Armor
40:55 Thumb Ring
41:29 Bracer
43:06 Gold Shaft Mining
44:20 Chemistry
45:07 Hand Cart
46:12 Leather Archer Armor
46:20 Ballistics
8316699
12:30 Feudal Age
16:42 Double-Bit Axe
20:53 Castle Age
19:18 Horse Collar
19:34 Fishing Lines
20:13 Gold Mining
23:01 Bloodlines
22:52 Husbandry
23:09 Scale Barding Armor
23:15 Forging
24:44 Loom
25:38 Wheelbarrow
30:04 Bow Saw
29:55 Heavy Plow
34:09 Imperial Age
34:18 Chain Barding Armor
34:34 Iron Casting
34:36 Hand Cart
35:51 Gold Shaft Mining
35:07 Stone Mining
35:55 Conscription
35:34 Fletching
37:32 Blast Furnace
36:47 Bodkin Arrow
38:42 Conscription
38:06 Elite Steppe Lancer
42:57 Bracer
44:13 Chemistry
43:34 Ballistics
43:25 Masonry
43:21 Siege Engineers
43:18 Nomads
43:39 Drill
43:31 Capped Ram
45:58 Siege Ram
47:24 Fortified Wall
47:09 Murder Holes
黑石塔
4:29 Loom
13:54 Feudal Age
18:36 Castle Age
17:18 Double-Bit Axe
24:14 Wheelbarrow
29:07 Fishing Lines
31:14 Gillnets
32:14 Stone Mining
32:14 Gold Mining
32:39 Bow Saw
32:14 Horse Collar
37:01 Imperial Age
36:55 Gold Shaft Mining
36:59 Bloodlines
38:09 Town Watch
38:45 Fletching
39:24 Conscription
39:50 Ballistics
39:41 Bodkin Arrow
39:46 Padded Archer Armor
39:44 Light Cavalry
41:59 Scale Barding Armor
42:10 Leather Archer Armor
42:06 Forging
43:50 Hussar
44:54 Chain Barding Armor
Daniel Chassagnez
5:30 Loom
12:31 Feudal Age
16:40 Castle Age
15:50 Fishing Lines
16:01 Double-Bit Axe
17:27 Scale Barding Armor
17:33 Forging
17:50 Bow Saw
19:31 Light Cavalry
20:48 Bloodlines
21:14 Horse Collar
22:16 Town Watch
23:52 Gillnets
24:59 Heavy Plow
25:22 Husbandry
27:24 Wheelbarrow
27:34 Gold Mining
29:57 Hand Cart
32:32 Stone Mining
37:28 Imperial Age
35:45 Stone Shaft Mining
35:39 Chain Barding Armor
35:59 Iron Casting
36:50 Fletching
37:39 Town Patrol
38:11 Fervor
38:01 Bodkin Arrow
38:28 Ballistics
39:09 Plate Barding Armor
39:39 Conscription
41:10 Blast Furnace
41:04 Elite Jarl
43:19 Masonry
43:24 Siege Engineers
45:21 Bracer
47:13 Architecture
A spoon full of love
4:23 Loom
15:10 Feudal Age
18:44 Castle Age
16:32 Double-Bit Axe
17:05 Fletching
18:55 Fishing Lines
19:23 Bodkin Arrow
21:00 Bow Saw
23:17 Gold Mining
25:07 Gillnets
31:20 Horse Collar
32:36 Wheelbarrow
34:02 Hand Cart
39:23 Imperial Age
37:48 Coinage
39:45 Scale Mail Armor
39:55 Forging
39:57 Heavy Scorpion
41:39 Conscription
42:10 Ballistics
42:51 Chemistry
43:48 Hamask
45:50 Chain Mail Armor
46:10 Iron Casting
Vanilla Gorilla
15:09 Feudal Age
13:34 Loom
15:19 Feudal Age
20:31 Castle Age
18:59 Fletching
25:54 Horse Collar
31:57 Fishing Lines
33:25 Bodkin Arrow
33:47 Double-Bit Axe
36:00 Wheelbarrow
35:33 Guard Tower
36:54 Gillnets
38:37 Hand Cart
41:04 Bow Saw
44:05 Imperial Age
41:51 Scale Mail Armor
42:01 Gold Mining
42:02 Stone Mining
41:36 Pikeman
42:17 Squires
44:14 Gold Shaft Mining
45:05 Chain Mail Armor
44:50 Halberdier
46:43 Plate Mail Armor
Tylenol
12:12 Feudal Age
12:40 Double-Bit Axe
17:35 Castle Age
16:21 Stone Mining
16:39 Gold Mining
18:42 Wheelbarrow
18:31 Loom
20:13 Hand Cart
21:19 Fletching
24:10 Horse Collar
25:03 Bodkin Arrow
31:27 Bow Saw
33:23 Heavy Plow
37:15 Imperial Age
35:26 Ballistics
36:07 Padded Archer Armor
37:07 Masonry
37:58 Bracer
39:16 Chemistry
39:30 Two-Man Saw
38:26 Treadmill Crane
38:53 Padded Archer Armor
40:18 Leather Archer Armor
42:31 Siege Engineers
43:21 Ring Archer Armor
43:26 Murder Holes
44:25 Squires
43:45 Pikeman
44:42 Pikeman
46:07 Elite Skirmisher
Connection lost

Rejoining the realm…

Still unreachable

The connection could not be restored.

Session expired

The server has moved on; the page needs a fresh start.